 Dungeon Crawl Stone Soup version 0.27-a0-75-g9f9dfd16e9 (webtiles) character file.

Game seed: 12649375989458922807

2698 lunkers the Zephyrmancer (level 9, -3/68 HPs)
             Began as a Demigod Air Elementalist on Jan 12, 2021.
             Slain by an unseen horror (7 damage)
             ... on level 7 of the Dungeon.
             The game lasted 00:12:57 (7141 turns).

lunkers the Zephyrmancer (Demigod Air Elementalist) Turns: 7141, Time: 00:12:57

Health: -3/68      AC:  8    Str: 11    XL:     9   Next: 16%
Magic:  5/22       EV: 12    Int: 25    God:
Gold:   392        SH:  0    Dex: 16    Spells: 10/20 levels left

rFire    + . .     SeeInvis .   a - +5 falchion
rCold    . . .     Faith    .   (no shield)
rNeg     . . .     Spirit   .   A - +3 leather armour {rF+}
rPois    .         Reflect  .   p - +0 helmet
rElec    .         Harm     .   (no cloak)
rCorr    .         Rampage  .   (no gloves)
Will     .....                  m - +0 pair of boots
Stlth    ++........             j - amulet of regeneration
HPRegen  0.61/turn              (no ring)
MPRegen  0.18/turn              (no ring)

@: marked
A: high mp 1
a: no special abilities


You were on level 7 of the Dungeon.
You visited 1 branch of the dungeon, and saw 7 of its levels.

You collected 392 gold pieces.

Inventory:

Hand Weapons
 a - a +5 falchion (weapon)
 n - a +1 war axe of venom
 z - a +2 vorpal falchion
Missiles
 l - 8 atropa-tipped darts
 q - 2 curare-tipped darts
Armour
 m - a +0 pair of boots (worn)
 p - a +0 helmet (worn)
 A - a +3 leather armour of fire resistance (worn)
 D - a +0 robe
Jewellery
 j - an amulet of regeneration (around neck)
 y - an uncursed amulet of faith {unknown}
Wands
 u - a wand of acid (5)
 w - a wand of polymorph (7)
 C - a wand of paralysis (9)
 E - a wand of iceblast (10)
Scrolls
 d - 2 scrolls of noise {unknown}
 e - 2 scrolls of amnesia {unknown}
 f - 3 scrolls of remove curse
 g - 3 scrolls of fog {unknown}
 h - a scroll of fear {unknown}
 i - 4 scrolls of teleportation
 k - 4 scrolls of identify {unknown}
 t - 2 scrolls of enchant weapon {unknown}
 B - a scroll of acquirement {unknown}
Potions
 b - a potion of degeneration {unknown}
 c - 2 potions of haste {unknown}
 o - 4 potions of curing
 r - a potion of magic {unknown}
 s - 2 potions of mutation {unknown}
 v - a potion of brilliance {unknown}
 x - a potion of might {unknown}
 F - a potion of flight {unknown}


   Skills:
 + Level 2.5 Fighting
 - Level 1.7 Dodging
 - Level 1.7 Stealth
 + Level 6.2 Spellcasting
 - Level 0.8 Conjurations
 * Level 9.8 Air Magic


You had 10 spell levels left.
You knew the following spells:

 Your Spells              Type           Power        Failure   Level
a - Airstrike             Air            27%          1%          4
b - Swiftness             Air            54%          1%          2
c - Static Discharge      Conj/Air       34%          3%          3
d - Shock                 Conj/Air       100%         1%          1

Your spell library contained the following spells:

 Spells                   Type           Power        Failure   Level
 Lightning Bolt           Conj/Air       17%          30%         5
 Iskenderun's Battlesphe  Conj           12%          88%         5
 Bolt of Magma            Conj/Fire/Erth 4%           93%         5
 Iron Shot                Conj/Erth      4%           100%        6
 Orb of Destruction       Conj           6%           100%        7
 Spellforged Servitor     Conj/Summ      4%           100%        7


Dungeon Overview and Level Annotations

Branches:
Dungeon (7/15)             Temple (0/1) D:4

Shops:
D:4 :   D:5 }


Innate Abilities, Weirdness & Mutations

You have an increased reservoir of magic. (+10% MP)


Message History

You kill the orc!
The bolt of acid misses the orc warrior.
The bolt of acid hits the orc!
The orc is splashed with acid.
The acid corrodes the orc!
You kill the orc!
Something hits you but does no damage. Something completely misses you.
Something hits you but does no damage.
The orc warrior throws a boomerang.
The weapon returns to the orc warrior!
Evoke which item? (* to show all) (? for menu, Esc to quit)
Aiming: Corrosive Bolt
Press: ? - help, Shift-Dir - straight line, f - orc
Aim: an orc, wielding a +0 club, wearing a +0 ring mail and quivering 4 boomerangs (25% to evade)
The bolt of acid hits the orc warrior!
The orc warrior is splashed with acid.
You kill the orc warrior!
The bolt of acid hits the orc!
The orc is splashed with acid.
You kill the orc!
Something hits you.
* * * LOW HITPOINT WARNING * * *
Something hits you!
You die...

.....o..# ..#
#.### ......o.##
#..# ###...#
.........###...#
....#.#
........)....#
#...#
.....)..#)...# #.
#...
........#)##...#
#..####.
......†.#.## #.#
#.......
.....#.##..# #
#.###...
.......##.@#
##.....#.
....#......#
#.#######
......###.# ..# #
#.. #.### #.# ####
.. #...######.#
#... .
#........#.# #...
#........#.####...
#.................
#........#.####...


There were no monsters in sight!

Vanquished Creatures
  A troll (D:7)
  Sigmund (D:5)
  Eustachio (D:6)
  A water moccasin (D:5)
  3 orc warriors
  3 ice beasts
  A black bear (D:7)
  A phantom (D:5)
  Blork the orc (D:4)
  2 bullfrogs
  A scorpion (D:6)
  4 wights
  A hound (D:5)
  4 orc priests
  2 centaur skeletons
  A jelly (D:7)
  A gnoll shaman (D:5)
  8 orc wizards
  Terence (D:2)
  Natasha (D:2)
  5 worker ants
  A killer bee zombie (D:6)
  A hound zombie (D:7)
  A hound skeleton (D:5)
  4 gnolls (D:5)
  A howler monkey skeleton (D:6)
  10 adders
  A shadow imp (D:7)
  3 white imps
  3 ufetubi
  An ooze (D:5)
  An adder skeleton (D:5)
  6 worms
  3 dart slugs
  5 leopard geckos
  23 orcs
  A ball python (D:6)
  8 bats
  4 giant cockroaches
  6 goblins
  7 hobgoblins
  2 jackals
  8 kobolds
  2 quokkas
  5 frilled lizards
  A quokka skeleton (D:6)
  4 rats
156 creatures vanquished.

Vanquished Creatures (others)
  2 withered plants (D:4)
2 creatures vanquished.

Grand Total: 158 creatures vanquished

Notes
Turn   | Place    | Note
-------+----------+-------------------------------------------
     0 | D:1      | lunkers the Demigod Air Elementalist began the quest for
                  | the Orb.
     0 | D:1      | Reached XP level 1. HP: 14/14 MP: 5/5
   146 | D:1      | Reached skill level 3 in Air Magic
   283 | D:1      | Reached XP level 2. HP: 20/20 MP: 4/7
   947 | D:2      | Reached XP level 3. HP: 25/26 MP: 1/9
  1382 | D:2      | Noticed Natasha
  1388 | D:2      | Killed Natasha
  1389 | D:2      | Reached skill level 4 in Air Magic
  1389 | D:2      | Reached XP level 4. HP: 25/33 MP: 3/10
  1520 | D:2      | Noticed Terence
  1526 | D:2      | Killed Terence
  2036 | D:2      | Found a hide-covered altar of Uskayaw.
  2036 | D:2      | Found a blossoming altar of Fedhas.
  2059 | D:3      | Learned a level 2 spell: Swiftness
  2063 | D:3      | Learned a level 3 spell: Static Discharge
  2116 | D:3      | Found an iron altar of Okawaru.
  2388 | D:3      | Found a sacrificial altar of Ru.
  2396 | D:3      | Reached XP level 5. HP: 38/38 MP: 5/12
  2404 | D:3      | Learned a level 4 spell: Airstrike
  2747 | D:3      | Reached skill level 5 in Air Magic
  2870 | D:3      | Found an ornate altar of the Wu Jian Council.
  2944 | D:4      | Found a staircase to the Ecumenical Temple.
  3094 | D:4      | Found Wuylat's Book Shop.
  3134 | D:4      | Reached XP level 6. HP: 38/45 MP: 12/14
  3246 | D:4      | Found an ancient bone altar of Kikubaaqudgha.
  3349 | D:4      | Noticed Blork the orc
  3356 | D:4      | Killed Blork the orc
  3446 | D:4      | Found a shadowy altar of Dithmenos.
  3514 | D:4      | Reached skill level 6 in Air Magic
  3605 | D:5      | Entered Level 5 of the Dungeon
  3695 | D:5      | Reached XP level 7. HP: 31/50 MP: 9/16
  3905 | D:5      | Reached skill level 7 in Air Magic
  4256 | D:5      | Found Xacixor's Gadget Boutique.
  4423 | D:5      | Noticed Sigmund
  4427 | D:5      | Killed Sigmund
  4428 | D:5      | Reached skill level 5 in Spellcasting
  4428 | D:5      | Reached XP level 8. HP: 57/57 MP: 1/19
  4433 | D:5      | Reached skill level 8 in Air Magic
  5066 | D:6      | Noticed Eustachio
  5069 | D:6      | Killed Eustachio
  5238 | D:6      | Found a radiant altar of Vehumet.
  6003 | D:6      | Reached skill level 9 in Air Magic
  6212 | D:6      | Reached skill level 1 in Fighting
  6831 | D:7      | Found a radiant altar of Vehumet.
  6833 | D:7      | Found a snail-covered altar of Cheibriados.
  6833 | D:7      | Found a shimmering altar of Xom.
  6835 | D:7      | Found a radiant altar of Vehumet.
  6835 | D:7      | Found an opulent altar of Gozag.
  6835 | D:7      | Found a blossoming altar of Fedhas.
  6915 | D:7      | Noticed a troll
  6920 | D:7      | Killed a troll
  6921 | D:7      | Reached XP level 9. HP: 57/67 MP: 4/22
  7141 | D:7      | Slain by an unseen horror

Illustrated notes

Levels and vault maps discovered:
D:1:      nicolae_arrival_washed_ashore, layout_rooms
D:2:      layout_basic, gammafunk_temple_overflow_wave, minmay_small_reverse_x,
          uniq_terence, uniq_natasha
D:3:      layout_rooms, lemuel_round_altar, kennysheep_okawaru_gauntlet,
          nicolae_ru_great_annihilating_truth
D:4:      layout_rooms, kiku_gazebo_garden_becter,
          nicolae_overflow_crystal_walls, minmay_temple_entry_sparse_star,
          serial_shops, nicolae_shop_waterfront, uniq_blork_the_orc
D:5:      cheibrodos_fzero, layout_loops_ring, serial_shops, shop, uniq_sigmund
D:6:      layout_cave_pools, lemuel_doored_altar, serial_column_ruins,
          column_ruins_circle_medium, column_ruins_open_small,
          column_ruins_open_tiny, column_ruins_open_small,
          column_ruins_columns_straight, minmay_starry_boxes, uniq_eustachio
D:7:      layout_rooms, doesnt_xom_only_xom, lemuel_round_altar, basic_altar,
          dk_noncrumbling_2, minmay_misc_feat_more_columns,
          kennysheep_decorative_pillar

Skill      XL: |  1  2  3  4  5  6  7  8 |
---------------+-------------------------+-----
Spellcasting   | 2 3 4 5 6 |  6.2
Air Magic      | 3 4 5 6 7 9 |  9.8
Fighting       | 2 |  2.5
Dodging        | |  1.7
Stealth        | |  1.7
Conjurations   | |  0.8

Action                   |  1- 3 |  4- 6 |  7- 9 || total
-------------------------+-------+-------+-------++-------
Melee: Unarmed           |    10 |     1 |       ||    11
       War axe           |       |    36 |    19 ||    55
       Falchion          |       |       |     3 ||     3
 Cast: Shock             |    77 |   113 |     2 ||   192
       Airstrike         |       |     3 |    86 ||    89
       Static Discharge  |       |       |     4 ||     4
Evoke: Wand              |       |       |     2 ||     2
  Use: Scroll            |       |       |     2 ||     2
Armor: Robe              |       |    17 |     8 ||    25
       Leather armour    |       |       |    18 ||    18
Dodge: Dodged            |     9 |    37 |    34 ||    80
       Rpst.: Falchion   |       |       |     2 ||     2

Table legend: (Time is in decaauts)
 A = Elapsed time spent in this place.
 B = Non-inter-level travel time spent in this place.
 C = Inter-level travel time spent in this place.
 D = Time resting spent in this place.
 E = Time spent auto-exploring this place.
 F = Levels seen in this place.
 G = Mean time per level.
                   A        B        C        D        E       F      G
               +--------+--------+--------+--------+--------+-----+--------+
         Total |   7169 |   7011 |    158 |    574 |   5499 |   7 | 1024.1 |
       Dungeon |   7169 |   7011 |    158 |    574 |   5499 |   7 | 1024.1 |
               +--------+--------+--------+--------+--------+-----+--------+

Top non-repeatable levels by time:
     D:5: 1476 daAuts
     D:6: 1469 daAuts
     D:2: 1119 daAuts
     D:1: 935 daAuts
     D:3: 890 daAuts
     D:4: 667 daAuts
     D:7: 610 daAuts
